 Dungeon Crawl Stone Soup version 0.29.0-11-gd7f09526c8 (webtiles) character file.

Game seed: 11180078024344974227

92 smilodon the Magician (level 4, -2/24 HPs)
             Began as a Deep Elf Hedge Wizard on Sept 5, 2022.
             Slain by a kobold
             ... wielding a +0 club
              (3 damage)
             ... on level 2 of the Dungeon.
             The game lasted 00:11:02 (2705 turns).

smilodon the Magician (Deep Elf Hedge Wizard)       Turns: 2705, Time: 00:11:02

Health: -2/24      AC:  2    Str: 13    XL:     4   Next: 35%
Magic:  12/14      EV: 12    Int: 21    God:
Gold:   111        SH:  0    Dex: 14    Spells: 4/16 levels left

rFire   . . .      SeeInvis .   a - +1 dagger
rCold   . . .      Faith    .   (no shield)
rNeg    . . .      Spirit   .   b - +0 robe
rPois   .          Reflect  .   c - +0 hat
rElec   .          Harm     .   (no cloak)
rCorr   .          Rampage  .   (no gloves)
Will    .....                   (no boots)
Stlth   ++........              (no amulet)
HPRegen 0.08/turn               e - +6 ring of strength
MPRegen 0.14/turn               (no ring)

@: no status effects
A: no striking features
a: no special abilities


You were on level 2 of the Dungeon.
You visited 1 branch of the dungeon, and saw 3 of its levels.

You collected 111 gold pieces.

Inventory:

Hand Weapons
 a - a +1 dagger (weapon)
Armour
 b - a +0 robe (worn)
 c - a +0 hat (worn)
Jewellery
 e - a +6 ring of strength (left hand)
Scrolls
 g - a scroll of enchant weapon
 i - a scroll of noise
 o - a scroll of fog
 p - a scroll of teleportation
Potions
 d - a potion of magic
 f - a potion of haste {unknown}
 h - a potion of heal wounds
 j - a potion of brilliance
 k - a potion of curing


   Skills:
 + Level 0.5 Fighting
 + Level 0.4 Short Blades
 - Level 2.4 Dodging
 - Level 2.4 Stealth
 + Level 6.6 Spellcasting
 + Level 1.4 Conjurations
 + Level 1.5 Summonings
 + Level 1.1 Translocations


You had 4 spell levels left.
You knew the following spells:

 Your Spells              Type           Power      Damage    Failure   Level
a - Magic Dart            Conj           48%        1d5       5%          1
b - Call Imp              Summ           13%        N/A       8%          2
c - Mephitic Cloud        Conj/Pois/Air  8%         N/A       22%         3
d - Conjure Flame         Conj/Fire      9%         6-21      21%         3
e - Blink                 Tloc           22%        N/A       9%          2
f - Slow                  Hex            24%        N/A       10%         1

Your spell library contained the following spells:

 Spells                   Type           Power      Damage    Failure   Level
 Lesser Beckoning         Tloc           11%        N/A       17%         3
 Manifold Assault         Tloc           11%        N/A       85%         5


Dungeon Overview and Level Annotations

Branches:
Dungeon (3/15)

Altars:
Wu Jian


Message History

The kobold attacks as you move away! The kobold hits you but does no damage.
The kobold attacks as you move away! The kobold hits you with a +0 club.
There is an open door here.
The kobold attacks as you move away! The kobold barely misses you.
The kobold attacks as you move away! The kobold hits you with a +0 club.
The kobold attacks as you move away! The kobold hits you with a +0 club.
The kobold attacks as you move away! The kobold hits you with a +0 club.
There is an open door here.
The kobold attacks as you move away! The kobold hits you with a +0 club.
The kobold attacks as you move away! The kobold barely misses you.
The kobold attacks as you move away! The kobold hits you with a +0 club.
The kobold attacks as you move away! The kobold barely misses you.
The kobold attacks as you move away! The kobold closely misses you.
The kobold attacks as you move away! The kobold closely misses you.
You see here a +0 short sword.
The kobold attacks as you move away! The kobold hits you but does no damage.
The kobold attacks as you move away! The kobold hits you with a +0 club.
There is a stone staircase leading up here.
The kobold hits you but does no damage.
You climb upwards.
There is a stone staircase leading down here.
You hit the kobold.
The kobold is moderately wounded.
The kobold hits you with a +0 club.
* * * LOW HITPOINT WARNING * * *
Casting: Magic Dart (safe; 5% risk of failure)
Confirm with . or Enter, or press ? or * to list all spells.
A metallic apparition takes form in the air.
The kobold hits you with a +0 club.
* * * LOW HITPOINT WARNING * * *
The kobold attacks as you move away! The kobold hits you with a +0 club.
* * * LOW HITPOINT WARNING * * *
The kobold attacks as you move away! The kobold hits you with a +0 club.
* * * LOW HITPOINT WARNING * * *
The kobold attacks as you move away! The kobold hits you but does no damage.
The kobold attacks as you move away! The kobold hits you but does no damage.
The kobold attacks as you move away! The kobold hits you with a +0 club.
* * * LOW HITPOINT WARNING * * *
The kobold attacks as you move away! The kobold hits you with a +0 club.
You die...

#......# ##### #......#
#######...####......# ##########
#.....#.#.##....)...###........##
#.###.#.#.##.#.............).....
#.###.........#.####.##..........
#.......#.#####......###.###.#...
#########.##############.###.#...
................@K..5......><#...
#.#######..........########..####
#.#### ##########.# #....# #....#
########.########.##.# ####.#
#....................# ..##.#
#........########.#### #..#.#
#........# #.# ##..<###
#.......(# #.# ###...# #........#
#>#


You could see a kobold (ally target) and a friendly iron imp (summoned).

Vanquished Creatures
  A gnoll (D:3)
  An adder (D:2)
  A dart slug (D:2)
  An orc (D:3)
  4 endoplasms
  4 giant cockroaches
  5 goblins
  3 hobgoblins
  A jackal (D:1)
  A quokka (D:1)
  5 ball pythons
  3 bats
  2 frilled lizards
  6 kobolds
  A rat (D:2)
39 creatures vanquished.

Vanquished Creatures (collateral kills)
  Jessica (D:2)
  A goblin (D:1)
2 creatures vanquished.

Vanquished Creatures (others)
  2 fungi (D:1)
  4 plants (D:1)
  4 toadstools (D:1)
10 creatures vanquished.

Grand Total: 51 creatures vanquished

Notes
Turn   | Place    | Note
-------+----------+-------------------------------------------
     0 | D:1      | smilodon the Deep Elf Hedge Wizard began the quest for the
                  | Orb.
     0 | D:1      | Reached XP level 1. HP: 10/10 MP: 7/7
   161 | D:1      | Reached skill level 5 in Spellcasting
   272 | D:1      | Reached XP level 2. HP: 15/15 MP: 3/10
   276 | D:1      | Learned a level 2 spell: Call Imp
   607 | D:1      | Found a faded altar of an unknown god.
  1144 | D:2      | Noticed Jessica
  1156 | D:2      | Killed Jessica
  1157 | D:2      | Reached skill level 6 in Spellcasting
  1157 | D:2      | Reached XP level 3. HP: 20/20 MP: 0/12
  1170 | D:2      | Learned a level 3 spell: Mephitic Cloud
  1174 | D:2      | Learned a level 3 spell: Conjure Flame
  1252 | D:2      | Learned a level 2 spell: Blink
  1254 | D:2      | Learned a level 1 spell: Slow
  1665 | D:2      | Reached XP level 4. HP: 20/24 MP: 8/14
  2407 | D:3      | Found an ornate altar of the Wu Jian Council.
  2696 | D:2      | HP: 1/24 [kobold/+0 club (1)]
  2702 | D:2      | HP: 1/24 [kobold/+0 club (1)]
  2705 | D:2      | Slain by a kobold

Illustrated notes

Levels and vault maps discovered:
D:1:      ldierk_walled_garden_2, layout_rooms,
          shapermc_ecumenical_altar_mp_ritualfount, minmay_octomino_e4
D:2:      layout_basic, uniq_jessica
D:3:      layout_loops_corners, nzn_wu_jian_council_hall

Skill      XL: |  1  2 |
---------------+-------+-----
Spellcasting   | 5 6 |  6.6
Fighting       | |  0.5
Short Blades   | |  0.4
Dodging        | |  2.4
Stealth        | |  2.4
Conjurations   | |  1.4
Summonings     | |  1.5
Translocations | |  1.1

Action                   |  1- 3 |  4- 6 || total
-------------------------+-------+-------++-------
Melee: Dagger            |    14 |    15 ||    29
 Cast: Magic Dart        |    78 |    15 ||    93
       Call Imp          |     6 |     3 ||     9
       Slow              |     3 |       ||     3
       Mephitic Cloud    |     2 |     2 ||     4
       Conjure Flame     |       |     2 ||     2
  Use: Scroll            |       |     8 ||     8
       Potion            |       |     3 ||     3
Armor: Robe              |     9 |     5 ||    14
Dodge: Dodged            |    22 |    20 ||    42
